 Dungeon Crawl Stone Soup version 0.17-a0-2063-gdaf50f8 (webtiles) character file.

5975 Sinocard the Grappler (level 10, 81/100 HPs)
             Began as a Troll Monk on Oct 12, 2015.
             Was an Initiate of Gozag.
             Starved to death
             ... on level 2 of the Lair of Beasts.
             The game lasted 00:51:01 (8349 turns).

Sinocard the Grappler (Troll Monk)                  Turns: 8349, Time: 00:51:02

Health: 81/100     AC:  7    Str: 26    XL:     10   Next: 55%
Magic:  7/9        EV: 15    Int:  6    God:    Gozag
Gold:   1253       SH:  0    Dex: 14    Spells: 0 memorised, 9 levels left

rFire  + . .     SeeInvis .       - Unarmed
rCold  x . .     Rnd*Rage +     u - +2 robe {MR+}
rNeg   . . .     SustAt   .     (no shield)
rPois  +         Gourm    +     (helmet restricted)
rElec  .         Spirit   +     (no cloak)
rCorr  .         Warding  .     (gloves unavailable)
rMut   .         Stasis   .     (boots unavailable)
MR     +....                    s - amulet of guardian spirit
Stlth  ++........               i - ring "Pakhluwol" {Fire *Confuse +Inv rPois Str+4}
                                k - ring of invisibility

@: fainting, somewhat resistant to hostile enchantments, unstealthy
A: unfitting armour, antennae 1, claws 3, berserk 1, breathe flames 1, fast
metabolism 3, gourmand, regeneration 3, shaggy fur 1, tough skin 2
a: Potion Petition, Call Merchant, Bribe Branch, Renounce Religion, Breathe
Fire, Evoke Invisibility


You were on level 2 of the Lair of Beasts.
You worshipped Gozag.
Gozag was noncommittal.
You were fainting.

You visited 3 branches of the dungeon, and saw 12 of its levels.
You also visited: Sewer.

You collected 1253 gold pieces.

Inventory:

Armour
 a - a +1 robe
 u - a +2 robe of magic resistance (worn)
Jewellery
 i - the ring "Pakhluwol" (right claw) {Fire *Confuse +Inv rPois Str+4}
   (You found it on level 4 of the Dungeon)

   [ring of fire]

   It enhances your fire magic, and weakens your ice magic.
   It affects your strength (+4).
   It protects you from fire.
   It makes you vulnerable to cold.
   It protects you from poison.
   It lets you turn invisible.
   It may confuse you when you take damage.
 k - a ring of invisibility (left claw)
 o - an uncursed amulet of faith
 s - an amulet of guardian spirit (around neck)
 E - an uncursed ring of fire
 I - a cursed -3 ring of protection
 K - an uncursed ring of magical power
Wands
 x - a wand of cold (7)
 y - a wand of disintegration (24)
 C - a wand of flame (18)
 F - a wand of draining (5)
 J - a wand of draining (7)
Scrolls
 f - 2 scrolls of magic mapping {unknown}
 g - a scroll of enchant weapon
 h - 6 scrolls of identify
 j - 2 scrolls of enchant armour
 m - 5 scrolls of remove curse
 n - a scroll of blinking
 p - a scroll of fear {unknown}
 D - a scroll of holy word {unknown}
 L - a scroll of amnesia
Potions
 d - a potion of cure mutation {unknown}
 e - 4 potions of might
 l - a potion of heal wounds
 q - 2 potions of flight
 r - a potion of haste
 w - a potion of resistance {unknown}
 z - a potion of ambrosia {unknown}
 A - 2 potions of cancellation {unknown}
 B - a potion of degeneration {unknown}
 G - a potion of invisibility {unknown}
Books
 v - a Fen Folio

   Spells                             Type                      Level
   a - Corpse Rot                     Necromancy                   2
   b - Stone Arrow                    Conjuration/Earth            3
   c - Leda's Liquefaction            Hexes/Earth                  4
   d - Summon Forest                  Summoning/Translocation      5
   e - Hydra Form                     Transmutation                6
   f - Summon Hydra                   Summoning                    7
Comestibles
 b - 6 bread rations
 c - 5 fruits
 t - 2 beef jerkies
 H - a meat ration


   Skills:
 + Level 6.6 Fighting
 + Level 9.1 Dodging
 + Level 3.1 Stealth
 + Level 9.5 Unarmed Combat


You had 9 spell levels left.
You didn't know any spells.

Dungeon Overview and Level Annotations

Branches:
Dungeon (9/15)             Temple (1/1) D:7            Lair (2/8) D:9
    Orc: D:9-12

Altars:
Ashenzari
Cheibriados
Dithmenos
Elyvilon
Fedhas
Gozag
Kikubaaqudgha
Makhleb
Nemelex Xobeh
Okawaru
Qazlal
Ru
Sif Muna
Trog
Vehumet
Xom
Yredelemnul
Zin
The Shining One


Innate Abilities, Weirdness & Mutations

You are too large for most types of armour.
You have claws for hands.
Your metabolism is lightning-fast.
You like to eat raw meat.
You regenerate.
You are covered in fur (AC +1).
You have very tough skin (AC +2).
You have a pair of small antennae on your head.
You tend to lose your temper in combat.
You can breathe flames.


Message History

The wolf closely misses you. The wolf misses you. The wolf closely misses you.
You mangle the giant frog!!
You kill the giant frog!
The wolf barely misses you. The wolf bites you but does no damage.
The wolf bites you.
The wolf is distracted by the nearby gold.
The wolf closely misses you.
You see here 13 gold pieces.
The wolf howls!
You claw the wolf! Your claw misses the wolf.
The wolf is heavily wounded.
The wolf misses you. The wolf bites you!
You miss the wolf.
The wolf is heavily wounded.
The wolf completely misses you.
You barely miss the wolf.
The wolf is heavily wounded.
You have starved to death.
You die...
Your body crumbles into a pile of gold.

$
#..............##
##<...........##
#..............#
##..........####
. #....<.....##
..###.........#
....#.......###
.....#h....##
......#@h###
##......##
##......#
###.....# $
#.#.....
..#....(.
#.....##....
......# .... #..
.... ...


You could see 2 wolves.

Vanquished Creatures
  A two-headed ogre (D:8)
  A basilisk (Lair:1)
  Eustachio (D:5)
  2 hippogriffs
  A wolf (Lair:2)
  Duvessa (D:5)
  An orc warrior (D:8)
  3 water moccasins (Lair:1)
  An ice beast (D:7)
  3 porcupines (Lair:1)
  A sky beast (D:5)
  A black bear (D:8)
  2 phantoms
  An ogre (D:5)
  5 centaurs
  4 crocodiles
  5 giant frogs
  2 big kobolds
  A wyvern zombie (D:7)
  2 gnoll sergeants
  8 scorpions
  Dowan (D:5)
  3 wights (D:6)
  5 killer bees (D:7)
  3 hounds
  2 giant frog zombies
  A centaur zombie (D:3)
  4 crimson imps
  3 jellies
  4 orc wizards
  A giant frog skeleton (D:8)
  4 orc priests
  A centaur skeleton (D:7)
  2 gnoll shamans (D:6)
  5 iguanas
  5 worker ants
  2 hound skeletons (D:6)
  3 worker ant zombies
  38 gnolls
  2 river rats (Sewer)
  12 adders
  2 shadow imps
  An ooze (D:5)
  5 worms
  2 adder skeletons
  7 giant geckos
  21 orcs
  2 ball pythons (D:4)
  6 bats
  5 giant cockroaches
  9 hobgoblins
  30 jackals
  2 quokkas (D:2)
  A ball python zombie (D:5)
  3 giant newts
  7 goblins
  9 kobolds
  15 rats
  2 butterflies (D:7)
  A fungus (D:9)
  6 plants
284 creatures vanquished.

Vanquished Creatures (others)
  A fungus (D:9)
  A plant (D:9)
2 creatures vanquished.

Grand Total: 286 creatures vanquished

Notes
Turn   | Place    | Note
--------------------------------------------------------------
     0 | D:1      | Sinocard the Troll Monk began the quest for the Orb.
     0 | D:1      | Reached XP level 1. HP: 22/22 MP: 0/0
   101 | D:1      | Reached XP level 2. HP: 26/29 MP: 1/1
   444 | D:2      | Reached XP level 3. HP: 34/36 MP: 2/2
   802 | D:2      | Found a sparkling altar of Nemelex Xobeh.
  1261 | D:3      | Reached XP level 4. HP: 45/45 MP: 3/3
  1269 | D:3      | Found a glowing drain.
  1273 | Sewer    | Entered a sewer
  1332 | Sewer    | Noticed a big kobold
  1357 | Sewer    | Killed a big kobold
  1357 | Sewer    | Reached XP level 5. HP: 48/53 MP: 4/4
  1396 | Sewer    | Found a glowing silver altar of Zin.
  1582 | D:3      | Reached skill level 5 in Unarmed Combat
  1735 | D:3      | You fall through a shaft for 3 floors!
  1801 | D:6      | Reached XP level 6. HP: 25/61 MP: 5/5
  1907 | D:6      | Gained mutation: You tend to lose your temper in combat. [potion of mutation]
  1907 | D:6      | Gained mutation: You can breathe flames. [potion of mutation]
  1907 | D:6      | Gained mutation: Your spells are a little easier to cast, but a little less powerful. [potion of mutation]
  2214 | D:6      | Reached XP level 7. HP: 53/68 MP: 6/6
  2521 | D:5      | Entered Level 5 of the Dungeon
  2551 | D:5      | Noticed Eustachio
  2562 | D:5      | Reached skill level 5 in Dodging
  2562 | D:5      | Reached skill level 6 in Unarmed Combat
  2587 | D:5      | Killed Eustachio
  2794 | D:4      | Got a flickering ivory ring
  2795 | D:4      | Identified the ring "Pakhluwol" {Fire *Confuse +Inv rPois Str+4} (You found it on level 4 of the Dungeon)
  2856 | D:4      | Found a glowing golden altar of the Shining One.
  2866 | D:4      | Found a white marble altar of Elyvilon.
  2867 | D:4      | Found an iron altar of Okawaru.
  2867 | D:4      | Found a blossoming altar of Fedhas.
  3187 | D:3      | Found a deep blue altar of Sif Muna.
  3329 | D:3      | Found a sacrificial altar of Ru.
  3551 | D:3      | Reached XP level 8. HP: 72/78 MP: 7/7
  3842 | D:5      | Lost mutation: Your spells are a little easier to cast, but a little less powerful. [mutagenic meat]
  3851 | D:5      | Gained mutation: You have a pair of small antennae on your head. [mutagenic meat]
  3864 | D:5      | Gained mutation: You regenerate. [mutagenic meat]
  4014 | D:5      | Noticed Duvessa
  4014 | D:5      | Noticed Dowan
  4028 | D:5      | Killed Dowan
  4156 | D:5      | Killed Duvessa
  4397 | D:6      | Reached skill level 7 in Unarmed Combat
  4463 | D:6      | Reached skill level 5 in Fighting
  4836 | D:6      | Noticed a centaur
  4847 | D:6      | Killed a centaur
  4922 | D:6      | Found a stormy altar of Qazlal.
  5232 | D:6      | Reached XP level 9. HP: 88/88 MP: 8/8
  5496 | D:7      | Found a staircase to the Ecumenical Temple.
  5527 | Temple   | Entered the Ecumenical Temple
  5642 | Temple   | Became a worshipper of Gozag Ym Sagoz the Greedy
  5799 | D:7      | Found a shadowy altar of Dithmenos.
  5878 | D:7      | Found a radiant altar of Vehumet.
  6164 | D:7      | Reached skill level 8 in Dodging
  6527 | D:8      | Found a shattered altar of Ashenzari.
  6828 | D:8      | Reached XP level 10. HP: 81/98 MP: 7/9
  7250 | D:8      | Found an ancient bone altar of Kikubaaqudgha.
  7678 | D:9      | Found a staircase to the Lair.
  7737 | Lair:1   | Entered Level 1 of the Lair of Beasts
  7783 | Lair:1   | Reached skill level 9 in Unarmed Combat
  8349 | Lair:2   | Starved to death

Vault maps used:
D:1:      dpeg_arrival_rhombi, hangedman_decor_lopped
D:2:      nemelex_xobeh_ov_fountains_minmay
D:3:      overflow_temple_1_default, gup_sewer_entry_spiral,
          hangedman_abyss_or_decor_stabs, nicolae_ru_path_of_blood
D:4:      grunt_temple_overflow_open
D:5:      first_bread, kennysheep_generic_room_3, uniq_eustachio, uniq_duvessa
D:6:      lemuel_castle_with_subvaults, nicolae_qazlal_general_emergency
D:7:      nicolae_dithmenos_the_darkroom, fiery_altar_vehumet,
          minmay_temple_entry_butterflies, serial_corexii_hall,
          corexii_hall_statues_l, corexii_hall_statues_x
D:8:      kennysheep_mini, ashenzari_conservatory_becter
D:9:      due_lair_maze_entry_diamond, serial_shops, shop_statue
Temple:   nicolae_temple_figure_zero
Lair:1:   infiniplex_staircase_pool
Lair:2:   grunt_forest_small_clearings, lemuel_fruit_fields,
          infiniplex_staircase_pool_2
Sewer:    sewer_kobolds

Action                   |  1- 3 |  4- 6 |  7- 9 | 10-12 || total
-------------------------+-------+-------+-------+-------++-------
Melee: Unarmed           |   114 |   130 |   545 |   165 ||   954
  Use: Potion            |       |     7 |     2 |       ||     9
       Scroll            |       |       |    12 |     2 ||    14
 Stab: Sleeping          |       |     2 |     3 |     2 ||     7
  Eat: Chunk             |     8 |     5 |    28 |       ||    41
       Bread ration      |     1 |       |     4 |       ||     5
       Meat ration       |       |       |     1 |     2 ||     3
       Royal jelly       |       |       |       |     1 ||     1
